 Dungeon Crawl Stone Soup version 0.18.1-5-g4a78601 (webtiles) character file.

1215 Gorice the Carver (level 8, -2/90 HPs)
             Began as a Human Skald on May 14, 2016.
             Slain by an orc warrior
             ... wielding a +2 antimagic glaive
              (15 damage)
             ... on level 9 of the Dungeon.
             The game lasted 00:39:30 (9175 turns).

Gorice the Carver (Human Skald)                     Turns: 9175, Time: 00:39:31

Health: -2/90      AC: 13    Str: 20    XL:     8   Next: 75%
Magic:  7/11       EV: 10    Int: 13    God:
Gold:   327        SH:  0    Dex: 12    Spells: 1 memorised, 10 levels left

rFire  + . .     SeeInvis .     a - +0 long sword
rCold  + . .     Gourm    .     C - +3 scale mail
rNeg   . . .     Faith    .     (no shield)
rPois  +         Spirit   .     G - +0 helmet
rElec  +         Dismiss  .     b - +2 cloak
rCorr  +         Reflect  .     (no gloves)
SustAt .         Harm     .     (no boots)
MR     .....                    K - amulet of magic regeneration
Stlth  ..........               w - ring of resist corrosion
                                (no ring)

@: mighty, berserking, lethally poisoned (-2 -> -6), resistant, very quick, not
resistant to hostile enchantments, extremely unstealthy
A: no striking features
a: no special abilities


You were on level 9 of the Dungeon.
You were not hungry.

You visited 1 branch of the dungeon, and saw 7 of its levels.

You collected 327 gold pieces.

Inventory:

Hand Weapons
 a - a +0 long sword (weapon)
 s - a +3 flail of holy wrath
   (You took it off an orc on level 5 of the Dungeon)
 B - a +0 blowgun
 H - a +1 whip of electrocution
   (You took it off an orc on level 5 of the Dungeon)
 J - a +0 great sword
 L - a +0 falchion
Missiles
 n - 53 bolts
 t - 3 tomahawks (quivered)
 u - 19 poisoned needles
 z - a javelin
 A - 31 sling bullets
 Y - 2 throwing nets
 Z - 251 stones
Armour
 b - a +2 cloak (worn)
 g - a +0 plate armour
 q - a +1 chain mail
 C - a +3 scale mail (worn)
 G - a +0 helmet (worn)
Magical Staves
 y - an uncursed staff of poison {unknown}
Jewellery
 i - an uncursed ring of ice
 w - a ring of resist corrosion (right hand)
 D - an uncursed ring of fire
 K - an amulet of magic regeneration (around neck)
Wands
 v - a wand of acid (0/15)
Scrolls
 l - 2 scrolls of immolation {!r}
 m - a scroll of magic mapping {!r}
 r - a scroll of enchant armour
 x - 6 scrolls of identify
Potions
 f - 2 potions of ambrosia
 h - a potion of cure mutation {!q}
Books
 c - a book of Battle
 I - a book of Alchemy
Comestibles
 d - 3 bread rations {!e}
 k - 3 meat rations {!e}
 p - a slice of pizza
 E - a beef jerky


   Skills:
 + Level 4.3 Fighting
 + Level 9.3 Long Blades
 - Level 1.0 Armour
 - Level 1.0 Dodging
 - Level 2.0 Spellcasting
 - Level 3.0 Charms


You had 10 spell levels left.
You knew the following spells:

 Your Spells              Type           Power        Failure   Level  Hunger
a - Infusion              Chrm           #...         21%         1    ##.....


Dungeon Overview and Level Annotations

Branches:
Dungeon (6/15)
 Temple: D:4-7

Altars:
Cheibriados
Elyvilon
Gozag
Kikubaaqudgha
Makhleb
Nemelex Xobeh
Ru
Vehumet
Zin

Annotations:
D:4 exclusion: statue
D:5 CcS's ghost, novice KoAr
D:6 Dowan; Duvessa


Message History

* * * LOW HITPOINT WARNING * * *
The scorpion stings you but does no damage.
Damage: 11 (max 14) Unknown command.
Drink which item? (? for menu, Esc to quit)
Really quaff
o - a potion of heal wounds {!q}?
You feel much better.
You feel sick.
The orc suddenly complains.
The scorpion closely misses you.
Drink which item? (? for menu, Esc to quit)
Really quaff
F - a potion of might {!q}?
Drink which item? (? for menu, Esc to quit)
You can't drink that!
Drink which item? (? for menu, Esc to quit)
Really quaff
F - a potion of might {!q}?
You feel very mighty all of a sudden.
You feel sick.
The orc warrior hits you from afar with an antimagic glaive.
* * * LOW HITPOINT WARNING * * *
The scorpion stings you.
* * * LOW HITPOINT WARNING * * *
Damage: 7 (max 14) Unknown command.
Drink which item? (? for menu, Esc to quit)
Really quaff
j - a potion of resistance {!q}?
You feel protected.
You feel sick. The scorpion stings you.
* * * LOW HITPOINT WARNING * * *
The orc warrior barely misses you.
Damage: 4 (max 14) Unknown command.
Drink which item? (? for menu, Esc to quit)
A red film seems to cover your vision as you go berserk!
You feel yourself moving faster!
You feel mighty!
You feel sick. The scorpion stings you.
* * * LOW HITPOINT WARNING * * *
The orc warrior hits you from afar with an antimagic glaive!
* * * LOW HITPOINT WARNING * * *
You feel your power leaking away.
Damage: 2 (max 14)
You hit the scorpion.
The scorpion is heavily wounded.
The scorpion stings you.
* * * LOW HITPOINT WARNING * * *
Damage: 4 (max 14)
You slice the scorpion!!
You kill the scorpion!
You feel sick.
The orc warrior hits you from afar with an antimagic glaive!
You die...

..........
........
........
#o...
#..o)##
#...#o#
#..oo##
###o##
#@## ###


You could see an orc warrior, 2 orc priests and 2 orcs.

Vanquished Creatures
  An ice beast (D:5)
  2 sky beasts
  A necrophage (D:5)
  An ogre (D:4)
  2 scorpions
  2 crimson imps (D:4)
  A centaur zombie (D:5)
  A hound (D:5)
  A jelly (D:5)
  3 orc priests (D:4)
  An iguana (D:6)
  4 orc wizards
  3 worker ants (D:4)
  A gnoll (D:5)
  5 adders
  2 oozes
  An adder skeleton (D:4)
  7 worms
  2 dart slugs
  8 giant geckos
  28 orcs
  9 giant cockroaches
  7 goblins
  7 hobgoblins
  7 jackals
  5 quokkas
  5 ball pythons
  8 bats
  5 giant newts
  12 kobolds
  A quokka skeleton (D:3)
  4 rats
147 creatures vanquished.

Notes
Turn   | Place    | Note
--------------------------------------------------------------
     0 | D:1      | Gorice the Human Skald began the quest for the Orb.
     0 | D:1      | Reached XP level 1. HP: 16/16 MP: 3/3
   195 | D:1      | Reached XP level 2. HP: 21/22 MP: 5/5
   343 | D:1      | Reached skill level 3 in Long Blades
   502 | D:1      | Reached XP level 3. HP: 27/27 MP: 6/6
  1395 | D:2      | Reached XP level 4. HP: 33/33 MP: 7/7
  1454 | D:2      | Reached skill level 4 in Long Blades
  2288 | D:2      | Found a snail-covered altar of Cheibriados.
  2289 | D:2      | Found a white marble altar of Elyvilon.
  2295 | D:2      | Found a glowing silver altar of Zin.
  2295 | D:2      | Found a sparkling altar of Nemelex Xobeh.
  2317 | D:2      | Found a burning altar of Makhleb.
  2319 | D:2      | Found a sacrificial altar of Ru.
  3311 | D:3      | Found a faded altar to an unknown god.
  3493 | D:3      | Reached XP level 5. HP: 29/38 MP: 8/8
  3583 | D:3      | Reached skill level 5 in Long Blades
  4602 | D:3      | Reached XP level 6. HP: 32/44 MP: 9/9
  4817 | D:4      | Reached skill level 6 in Long Blades
  5296 | D:4      | HP: 10/44 [something/puff of flame (12)]
  5598 | D:3      | Noticed a sky beast
  5652 | D:3      | HP: 12/44 [sky beast (5)]
  5831 | D:3      | Killed a sky beast
  5831 | D:3      | Reached skill level 7 in Long Blades
  5831 | D:3      | Reached XP level 7. HP: 35/50 MP: 10/10
  6073 | D:4      | Found a radiant altar of Vehumet.
  6546 | D:5      | Entered Level 5 of the Dungeon
  7064 | D:5      | Found an ancient bone altar of Kikubaaqudgha.
  7126 | D:5      | Noticed CcS's ghost (novice KoAr)
  7226 | D:4      | Reached skill level 8 in Long Blades
  7404 | D:5      | HP: 12/51 [orc priest/divine providence (12)]
  7405 | D:5      | HP: 1/51 [orc priest/divine providence (11)]
  7823 | D:4      | Reached XP level 8. HP: 45/57 MP: 11/11
  8214 | D:4      | Reached skill level 3 in Fighting
  8357 | D:5      | Found an opulent altar of Gozag.
  8776 | D:6      | Noticed Dowan
  8777 | D:6      | Noticed Duvessa
  8855 | D:6      | Reached skill level 9 in Long Blades
  9106 | D:6      | Reached skill level 4 in Fighting
  9123 | D:6      | You fall through a shaft for 3 floors!
  9169 | D:9      | HP: 11/60 [orc priest/divine providence (9)]
  9174 | D:9      | HP: 14/90 [scorpion (4)]
  9175 | D:9      | Slain by an orc warrior

Skill      XL: |  1  2  3  4  5  6  7  8 |
---------------+-------------------------+-----
Long Blades    | 3 4 5 7 8 9 |  9.3
Fighting       | 4 |  4.3
Armour         | |  1.0
Dodging        | |  1.0
Spellcasting   | |  2.0
Charms         | |  3.0

Action                   |  1- 3 |  4- 6 |  7- 9 || total
-------------------------+-------+-------+-------++-------
Melee: Falchion          |   130 |   424 |   222 ||   776
       Long sword        |       |       |    71 ||    71
 Fire: Blowgun           |       |    15 |    13 ||    28
Throw: Stone             |       |    26 |     2 ||    28
       Tomahawk          |       |     1 |    18 ||    19
       Javelin           |       |       |     4 ||     4
 Cast: Infusion          |       |       |     1 ||     1
Evoke: Wand              |       |     3 |     1 ||     4
  Use: Scroll            |     5 |     8 |     6 ||    19
       Potion            |       |     2 |     5 ||     7
  Eat: Chunk             |     2 |    14 |    11 ||    27
Armor: Ring mail         |    62 |    77 |       ||   139
       Chain mail        |       |   191 |   110 ||   301
       Scale mail        |       |       |    54 ||    54
Dodge: Dodged            |    80 |   188 |   107 ||   375

Table legend:
 A = Turns spent in this place as a percentage of turns spent in the entire game.
 B = Non-inter-level travel turns spent in this place as a percentage of non-inter-level travel turns spent in the entire game.
 C = Inter-level travel turns spent in this place as a percentage of turns spent in this place.
 D = Turns resting spent in this place as a percentage of non-inter-level travel turns spent in this place.
 E = Turns spent auto-exploring this place as a percentage of non-inter-level travel turns spent in this place.
 F = Non-inter-level travel turns spent in this place divided by the number of levels of this place that you've seen.
                   A       B       C       D       E      F
               +-------+-------+-------+-------+-------+----------------------
         Total | 100.0 | 100.0 |   0.7 |   2.5 |   5.0 | 457.3
       Dungeon | 100.0 | 100.0 |   0.7 |   2.5 |   5.0 | 457.3
               +-------+-------+-------+-------+-------+----------------------

Vault maps used:
D:1:      lightli_arrival_noodles, minivault_14, minmay_three_crescents
D:2:      minitemple
D:3:      ecumenical_altar_2, kennysheep_generic_room_5
D:4:      minmay_opposing_rooms, vehumet_statue
D:5:      kiku_gazebo_garden_becter, lemuel_round_altar, first_bread,
          st_stairs_8, hangedman_decor_push
D:6:      temple_hall, st_stairs_5, uniq_blork_the_orc, uniq_duvessa
D:9:      hiddenorc1_lemuel, basic_altar
